AoeStats
← farmer4510

Arena

510241201Analyzed
3v3 RM · 2d ago on Sep 30, 2026· 43m 37s· 6 players
Game mode
Random Map
Map size
Normal (6 player)
Population
200
Speed
Normal
Resources
Standard
Victory
Conquest
Starting age
Dark Age
Ending age
Imperial Age
RankedLock teamsTeams togetherTeam positionsShared explorationLock speedFull tech treeHidden civsTurbo modeCheats
Victory
Defeat
🇨🇱 Mapuche · Chile
1030
+16
🇨🇱 Cumans · Chile
1028
+16
🇨🇴 Spanish · Colombia
966
+18
🇺🇸 Goths · United States
1052
-18
🇺🇸 Slavs · United States
1011
-16
🇨🇦 Vietnamese · Canada
1002
-16
farmer4510
10:25 Feudal Age
11:11 Man-at-Arms
13:30 Forging
13:21 Scale Mail Armor
21:21 Double-Bit Axe
25:53 Castle Age
25:03 Loom
28:03 Bow Saw
28:50 Iron Casting
29:04 Horse Collar
31:52 Wheelbarrow
31:40 Chain Mail Armor
31:29 Gold Mining
31:30 Stone Mining
33:40 Squires
34:28 Anarchy
Accidenta11y
10:42 Feudal Age
18:24 Castle Age
22:38 Loom
30:11 Double-Bit Axe
37:42 Castle Age
36:36 Forging
37:22 Scale Mail Armor
38:11 Pikeman
39:05 Squires
Red Death
9:47 Feudal Age
10:36 Double-Bit Axe
10:33 Horse Collar
17:14 Castle Age
15:56 Man-at-Arms
18:54 Forging
21:54 Squires
23:40 Long Swordsman
24:52 Scale Mail Armor
26:50 Iron Casting
26:27 Loom
29:29 Wheelbarrow
29:16 Town Watch
29:35 Padded Archer Armor
33:56 Imperial Age
32:17 Chain Mail Armor
32:24 Gold Mining
32:48 Bow Saw
33:34 Leather Archer Armor
34:41 Detinets
34:24 Two-Handed Swordsman
35:28 Champion
36:44 Conscription
37:33 Blast Furnace
36:40 Heavy Plow
39:01 Plate Mail Armor
43:22 Ring Archer Armor
43:39 Conscription
diego02041989
10:01 Feudal Age
10:34 Double-Bit Axe
11:37 Gold Mining
18:15 Horse Collar
24:36 Castle Age
24:33 Wheelbarrow
25:39 Stone Mining
26:25 Gold Shaft Mining
26:05 Bow Saw
25:57 Heavy Plow
26:56 Hand Cart
35:25 Imperial Age
33:00 Steppe Husbandry
33:16 Bloodlines
34:38 Forging
35:02 Scale Barding Armor
36:06 Iron Casting
37:08 Chain Barding Armor
37:22 Crop Rotation
37:54 Two-Man Saw
36:37 Elite Steppe Lancer
37:45 Murder Holes
39:13 Masonry
39:26 Ballistics
40:07 Chemistry
42:03 Loom
42:03 Town Watch
43:20 Blast Furnace
42:56 Plate Barding Armor
kavobi
10:59 Feudal Age
12:51 Double-Bit Axe
15:55 Castle Age
13:36 Horse Collar
20:35 Loom
20:53 Heavy Plow
21:05 Bow Saw
26:46 Stone Mining
27:55 Wheelbarrow
31:16 Hand Cart
31:19 Scale Barding Armor
31:05 Fletching
33:20 Stone Shaft Mining
32:35 Gold Mining
35:36 Imperial Age
34:34 Ballistics
34:20 Town Watch
35:08 Chain Barding Armor
34:50 Padded Archer Armor
34:45 Bodkin Arrow
35:39 Elite Conquistador
37:23 Chemistry
36:49 Conscription
37:18 Plate Barding Armor
36:59 Leather Archer Armor
37:23 Supremacy
38:15 Two-Man Saw
38:13 Fortified Wall
38:17 Bracer
38:18 Cavalier
39:09 Bloodlines
39:00 Husbandry
41:50 Ring Archer Armor
42:50 Masonry
42:36 Murder Holes
Paquesito
10:19 Feudal Age
11:46 Double-Bit Axe
12:36 Champi Runner
14:09 Scale Mail Armor
18:22 Horse Collar
18:33 Gold Mining
18:33 Stone Mining
23:50 Castle Age
23:45 Forging
23:26 Fletching
23:30 Arson
24:07 Padded Archer Armor
25:09 Wheelbarrow
30:37 Imperial Age
30:07 Hand Cart
30:58 Heavy Plow
30:53 Pikeman
31:48 Loom
33:41 Conscription
34:48 Malon
36:00 Bodkin Arrow
38:30 Town Watch
38:08 Elite Bolas Rider
38:54 Padded Archer Armor
39:36 Ballistics
39:46 Town Patrol
41:57 Crop Rotation
Connection lost

Rejoining the realm…

Still unreachable

The connection could not be restored.

Session expired

The server has moved on; the page needs a fresh start.